 Dungeon Sprint DCSS version 0.30-a0-241-g1121274140 (webtiles) character file.

Game seed: 6661433927700886791

496767 rocky1 the Conqueror (level 20, -2/216 HPs)
             Began as a Minotaur Fighter on Oct 11, 2022.
             Was an Initiate of Gozag.
             Slain by a tentacled monstrosity (6 damage)
             ... summoned by Mnoleg
             ... while paralysed by a floating eye
             ... in the Dungeon (Sprint IX: "|||||||||||||||||||||||||||||").
             The game lasted 01:17:24 (15844 turns).

rocky1 the Conqueror (Minotaur Fighter)            Turns: 15844, Time: 01:17:24

Health: -2/216     AC: 30    Str: 47    XL:     20   Next: 27%
Magic:  0/40       EV: -1    Int: 11    God:    Gozag
Gold:   1165       SH:  0    Dex: 10    Spells: 52/54 levels left

rFire   + + +      SeeInvis .    s - +5 morningstar (holy)
rCold   + + .      Faith    .    H - +1 tower shield
rNeg    + + .      Spirit   +    M - +3 chain mail {rF+}
rPois   +          Reflect  .    D - +1 hat
rElec   +          Harm     .    N - +0 cloak {rCorr}
rCorr   +          Rampage  .    O - +2 pair of gloves {Stlth+}
Will    +....      NoTele   +    J - +0 pair of boots "Fituar" {Str+8}
Stlth   +++++++...               F - amulet "Osus" {Spirit rElec rC+ Int+4}
HPRegen 0.56/turn                E - ring of the Empire {rElec rN++ Str+6 Int+3}
MPRegen 0.27/turn                X - ring of Axkuecza {rPois rF+ Slay+3 Stlth+}

@: paralysed, mighty, resistant, hasted, constricted, unable to read
A: horns 2, retaliatory headbutt, thin skeletal structure 1, clumsy 1, strong 1,
inability to read after injury 1
}: 10/17 runes: decaying, serpentine, barnacled, slimy, elven, silver, golden,
icy, abyssal, gossamer
a: Renounce Religion, Potion Petition, Call Merchant, Bribe Branch


You were in the Dungeon.
You worshipped Gozag.
Gozag was most pleased with you.
You visited 1 branch You collected 54423 gold pieces.
You spent 14826 gold pieces at shops.
You paid 38432 gold pieces to Gozag.

Inventory:

Hand Weapons
 a - the +5 demon whip "Spellbinder" {antimagic, Will+}
   (You bought it in a shop in the Dungeon)

   It reduces the magical energy of the wielder, and disrupts the spells and
   magical abilities of those it strikes.
   Natural abilities and divine invocations are not affected.
   It unleashes wild and unpredictable magical effects upon striking a wizard or
   a creature with magical abilities.
   Will:      It increases your willpower.
 m - the +8 whip "Snakebite" {venom, curare, rPois}
   (You found it in the Dungeon)

   It poisons the flesh of those it strikes.
   It occasionally inflicts asphyxiating poison on those it strikes, dealing
   poison damage and causing slowness.
   rPois:     It protects you from poison.
 n - a +9 eveningstar
 s - a +5 morningstar of holy wrath (weapon)
 G - the +18 lance "Wyrmbane" {slay drac, rPois rF+ rC+ AC+3}
   (You found it in the Dungeon)

   It inflicts extra damage against dragons and draconians.
   AC:        It affects your AC (+3).
   rF:        It protects you from fire.
   rC:        It protects you from cold.
   rPois:     It protects you from poison.
 T - the +7 sceptre of Asmodeus
   (You took it off Asmodeus in the Dungeon)

   It can be evoked to summon fiery demons, with success rate depending on
   Evocations skill.
   Those summoned this way will remain friendly only for a limited time.
 Y - a +8 eudemon blade of holy wrath
Missiles
 y - 5 javelins (quivered)
Armour
 q - a +2 plate armour of willpower
 v - a +1 cloak of willpower
 x - the +3 pair of seven-league boots {Rampage+∞}
   (You found it in the Dungeon)

   Its wearer moves as far as possible in that direction when moving towards
   enemies.
 D - a +1 hat (worn)
 H - a +1 tower shield (worn)
 I - a +3 scale mail of cold resistance
 J - the +0 pair of boots "Fituar" (worn) {Str+8}
   (You found it in the Dungeon)

   Str:       It affects your strength (+8).
 M - a +3 chain mail of fire resistance (worn)
 N - a +0 cloak of preservation (worn)
 O - a +2 pair of gloves of stealth (worn)
Jewellery
 d - the ring of Wuklexib {rPois rF++ rN+}
   (You found it in the Dungeon)

   [ring of positive energy]

   rF:        It greatly protects you from fire.
   rPois:     It protects you from poison.
   rN:        It protects you from negative energy.
 f - the ring "Olicro" {rF+ rN++}
   (You found it in the Dungeon)

   [ring of protection from fire]

   rF:        It protects you from fire.
   rN:        It greatly protects you from negative energy.
 o - a ring of protection from cold
 p - the ring of the Lachrymose God {EV+3 Str+4 Int+4 SInv}
   (You found it in the Dungeon)

   [ring of evasion]

   EV:        It affects your evasion (+3).
   Str:       It affects your strength (+4).
   Int:       It affects your intelligence (+4).
   SInv:      It lets you see invisible.
 r - the amulet "Plog" {Reflect rF+ SH+5}
   (You found it in the Dungeon)

   [amulet of reflection]

   It reflects blocked missile attacks.
   rF:        It protects you from fire.
   SH:        It affects your SH (+5).
 E - the ring of the Empire (left hand) {rElec rN++ Str+6 Int+3}
   (You bought it in a shop in the Dungeon)

   [ring of strength]

   Str:       It affects your strength (+6).
   Int:       It affects your intelligence (+3).
   rElec:     It insulates you from electricity.
   rN:        It greatly protects you from negative energy.
 F - the amulet "Osus" (around neck) {Spirit rElec rC+ Int+4}
   (You bought it in a shop in the Dungeon)

   [amulet of guardian spirit]

   It causes incoming damage to be divided between your reserves of health and
   magic.
   Int:       It affects your intelligence (+4).
   rC:        It protects you from cold.
   rElec:     It insulates you from electricity.
 Q - the ring "Oleren" {rN+ Slay+2}
   (You bought it in a shop in the Dungeon)

   [ring of positive energy]

   Slay:      It affects your accuracy & damage with ranged weapons and melee
   (+2).
   rN:        It protects you from negative energy.
 R - the ring of Ereeti {rF++ Will+}
   (You bought it in a shop in the Dungeon)

   [ring of willpower]

   rF:        It greatly protects you from fire.
   Will:      It increases your willpower.
 X - the ring of Axkuecza (right hand) {rPois rF+ Slay+3 Stlth+}
   (You bought it in a shop in the Dungeon)

   [ring of poison resistance]

   Slay:      It affects your accuracy & damage with ranged weapons and melee
   (+3).
   rF:        It protects you from fire.
   rPois:     It protects you from poison.
   Stlth:     It makes you more stealthy.
Wands
 l - a wand of quicksilver (12)
 C - a wand of polymorph (6)
 U - a wand of roots (8)
Scrolls
 c - a scroll of silence
 j - 2 scrolls of blinking
 k - 2 scrolls of amnesia
 t - 6 scrolls of fear
 u - 5 scrolls of fog
 z - 2 scrolls of vulnerability
 A - 4 scrolls of immolation
 W - 3 scrolls of identify
Potions
 b - 5 potions of berserk rage
 e - 14 potions of curing
 g - 7 potions of haste
 h - 9 potions of magic
 i - 4 potions of mutation
 w - 2 potions of cancellation
 K - 5 potions of brilliance
 P - 2 potions of might
 V - a potion of heal wounds
Miscellaneous
 B - a condenser vane
 L - a tin of tremorstones (2/2)
 S - the horn of Geryon
 Z - a lightning rod (4/4)


   Skills:
 O Level 27 Fighting
 - Level 18.9 Long Blades
 O Level 27 Maces & Flails
 O Level 27 Polearms
 + Level 18.8 Throwing
 O Level 27 Armour
 O Level 27 Dodging
 + Level 21.0 Stealth
 O Level 27 Shields
 + Level 17.8 Spellcasting
 + Level 20.7 Transmutations
 + Level 22.4 Evocations


You had 52 spell levels left.
You knew the following spells:

 Your Spells              Type           Power      Damage    Failure   Level
a - Wereblood             Tmut           53%        N/A       0%          2

Your spell library contained the following spells:

 Spells                   Type           Power      Damage    Failure   Level
 Passwall                 Tmut/Erth      26%        N/A       1%          2
 Petrify                  Tmut/Erth      32%        N/A       1%          4
 Irradiate                Conj/Tmut      16%        3d17      3%          5
 Sandblast                Erth           18%        2d7       9%          1
 Sublimation of Blood     Necr           9%         N/A       14%         2
 Stone Arrow              Conj/Erth      18%        3d8       26%         3
 Freezing Cloud           Conj/Ice/Air   4%         6-21      94%         5
 Summon Hydra             Summ           4%         N/A       100%        7
 Polar Vortex             Ice            4%         N/A       100%        9
 Simulacrum               Ice/Necr       Unusable   N/A       N/A         6

Dungeon Overview and Level Annotations

Branches:
Dungeon (1/1)

Altars:
Cheibriados
Dithmenos
Elyvilon
Fedhas
Gozag
Hepliaklqana
Kikubaaqudgha
Makhleb
Nemelex Xobeh
Okawaru
Qazlal
Ru
Sif Muna
Trog
Uskayaw
Vehumet
Wu Jian
Xom
Yredelemnul
Zin
The Shining One
Jiyva
Lugonu

Shops:
D =(!=*!=(!?=[(?=*[?:[!

Annotations:
D Dispater, Mnoleg


Innate Abilities, Weirdness & Mutations

You have a pair of horns on your head.
You reflexively headbutt those who attack you in melee.
You have a somewhat thin skeletal structure. (Dex +2, Stealth+)
You are clumsy. (Dex -2)
Your muscles are strong. (Str +4, Int/Dex -1)
You occasionally lose the ability to read scrolls when taking damage.


Message History

Mnoleg calls on the powers of chaos!
The large abomination suddenly seems more resistant.
The tentacled monstrosity seems to speed up.
The large abomination seems to grow stronger.
The golden eye seems to grow stronger.
The floating eye suddenly seems more resistant.
The large abomination suddenly seems more agile.
The Hell Sentinel seems to grow stronger.
Unknown command.
You barely miss the Hell Sentinel. You headbutt the Hell Sentinel.
The Hell Sentinel is lightly wounded.
The tentacled monstrosity tentacle-slaps you!
* * * LOW HITPOINT WARNING * * *
The tentacled monstrosity tentacle-slaps you but does no damage.
You block the tentacled monstrosity's attack.
The tentacled monstrosity constricts you.
* * * LOW HITPOINT WARNING * * *
You cannot read scrolls in your current state!
Unknown command.
You feel much better. The Hell Sentinel hits you!!
* * * LOW HITPOINT WARNING * * *
You block the Hell Sentinel's attack.
Mnoleg gestures.
The tentacled monstrosity tentacle-slaps you.
* * * LOW HITPOINT WARNING * * *
The tentacled monstrosity tentacle-slaps you but does no damage.
The tentacled monstrosity tentacle-slaps you.
* * * LOW HITPOINT WARNING * * *
The tentacled monstrosity constricts you.
* * * LOW HITPOINT WARNING * * *
The golden eye blinks at you. You resist with almost no effort.
Dispater gestures.
The floating eye gazes piercingly through you!
You suddenly lose the ability to move!
The tentacled monstrosity tentacle-slaps you!
* * * LOW HITPOINT WARNING * * *
The tentacled monstrosity tentacle-slaps you.
You die...
Your body crumbles into a pile of gold.

▓.▓.▓.▓.▓)▓.▓.▓.▓[
▓G▓.▓.▓.▓)▓.▓'▓.▓.
▓G▓.▓.▓.▓)▓.▓.▓.▓.
▓X▓.▓.▓.▓)▓.▓.▓.▓.
▓&▓.▓.▓.▓)▓.▓)▓.▓.
▓X▓.▓'▓.▓.▓.▓.▓.▓.
▓X▓.▓.▓.▓)▓.▓.▓.▓[
▓X▓.▓.▓.▓.▓.▓.▓.▓.
▓@▓.▓.▓.▓'▓.▓.▓.▓.
▓1▓.▓.▓.▓.▓.▓∩▓.▓[
▓&▓.▓.▓.▓.▓.▓.▓.▓)
▓1▓.▓.▓.▓.▓.▓[▓.▓.
▓1▓.▓.▓.▓.▓.▓.▓.▓)
▓.▓.▓.▓.▓.▓.▓.▓.▓.
▓.▓.▓.▓.▓.▓.▓.▓.▓[
▓φ▓.▓'▓.▓.▓.▓.▓.▓.
▓*▓.▓.▓.▓.▓.▓'▓.▓.


You could see Dispater (strong), Mnoleg, 3 Hell Sentinels, a tentacled
monstrosity (summoned, fast, weak-willed), 3 large abominations, a floating eye
(summoned, resistant) and a golden eye (summoned, strong).

Vanquished Creatures
  Antaeus (D)
  Asmodeus (D)
  the Royal Jelly (D)
  Gloorx Vloq (D)
  Lom Lobon (D)
  4 orbs of fire (D)
  Mennas (D)
  3 ancient liches (D)
  Sojobo (D)
  2 royal mummies (D)
  2 Killer Klowns (D)
  2 curse toes (D)
  Margery (D)
  Geryon (D)
  2 golden dragons (D)
  Nikola (D)
  Jory (D)
  2 bone dragons (D)
  3 electric golems (D)
  Rupert (D)
  7 tentacled monstrosities (D)
  4 deep elf blademasters (D)
  26 Orb Guardians (D)
  4 liches (D)
  8 acid blobs (D)
  2 deep elf master archers (D)
  3 quicksilver dragons (D)
  12 sphinxes (D)
  Frances (D)
  A death cob (D)
  Gastronok (D)
  2 storm dragons (D)
  2 tengu reavers (D)
  7 draconian monks (D)
  8 shadow dragons (D)
  6 nagarajas (D)
  A draconian knight (D)
  Ilsuiw (D)
  5 azure jellies (D)
  4 rockslimes (D)
  2 fire giants (D)
  2 draconian scorchers (D)
  7 vault wardens (D)
  5 frost giants (D)
  4 emperor scorpions (D)
  A balrug (D)
  5 ghost moths (D)
  2 deep elf sorcerers (D)
  An ironbound preserver (D)
  A draconian shifter (D)
  An orc warlord (D)
  2 draconian stormcallers (D)
  A spriggan defender (D)
  A war gargoyle (D)
  5 quicksilver oozes (D)
  2 very ugly things (D)
  A draconian annihilator (D)
  2 ironbound thunderhulks (D)
  9 vampire knights (D)
  2 green draconians (D)
  2 deep elf demonologists (D)
  5 stone giants (D)
  4 black draconians (D)
  2 white draconians (D)
  Nessos (D)
  Azrael (D)
  2 red draconians (D)
  2 deep elf annihilators (D)
  2 eleionomae (D)
  A yellow draconian (D)
  2 spark wasps (D)
  4 purple draconians (D)
  3 ettins (D)
  2 deep elf death magi (D)
  4 mummy priests (D)
  2 yaktaur captains (D)
  5 fire dragons (D)
  2 merfolk impalers (D)
  5 merfolk javelineers (D)
  26 vault guards (D)
  12 hydras (D)
  A peacekeeper (D)
  2 rakshasas (D)
  3 centaur warriors (D)
  2 deep elf high priests (D)
  3 merfolk avatars (D)
  An ogre mage (D)
  2 ironbound frosthearts (D)
  6 ice dragons (D)
  3 anacondas (D)
  A catoblepas (D)
  2 spriggan air magi (D)
  2 naga warriors (D)
  An alligator (D)
  2 merfolk aquamancers (D)
  2 deep troll shamans (D)
  A boulder beetle (D)
  8 two-headed ogres (D)
  3 deep troll earth magi (D)
  A tengu warrior (D)
  A spriggan berserker (D)
  Urug (D)
  A thrashing horror (D)
  Nergalle (D)
  4 hell knights (D)
  A skeletal warrior (D)
  A goliath frog (D)
  3 sea snakes (D)
  A bog body (D)
  A glowing orange brain (D)
  An orc knight (D)
  3 swamp dragons (D)
  An ironbound convoker (D)
  2 phantasmal warriors (D)
  2 necromancers (D)
  2 wolf spiders (D)
  4 ugly things (D)
  A worldbinder (D)
  A cyclops (D)
  5 moths of wrath (D)
  A moth of wrath (shapeshifter) (D)
  Maurice (D)
  2 black mambas (D)
  Joseph (D)
  An elephant (D)
  4 guardian serpents (D)
  4 vault sentinels (D)
  2 cane toads (D)
  A rime drake (D)
  2 demonic crawlers (D)
  An efreet (D)
  A yaktaur (D)
  A komodo dragon (D)
  2 ancient zymes (D)
  A wandering mushroom (D)
  22 guardian mummies (D)
  A merfolk (D)
  2 trolls (D)
  3 polar bears (D)
  2 blink frogs (D)
  5 snapping turtles (D)
  A wraith (D)
  4 jumping spiders (D)
  11 spriggans (D)
  2 large abominations (D)
  A wyvern (D)
  3 fire elementals (D)
  2 yaks (D)
  A golden eye (D)
  A steam dragon (D)
  A chaos spawn (D)
  3 redbacks (D)
  2 vampire mosquitoes (D)
  5 nagas (D)
  An acid dragon (D)
  5 water moccasins (D)
  3 hell hounds (D)
  2 swamp drakes (D)
  13 orc warriors (D)
  5 black bears (D)
  5 ogres (D)
  A wolf (D)
  A centaur (D)
  A phantom (D)
  A bullfrog (D)
  A scorpion (D)
  2 orc priests (D)
  2 orc wizards (D)
  A worm (D)
  A dart slug (D)
  An adder simulacrum (D)
  9 orcs (D)
  An endoplasm (D)
  A kobold (D)
  2 bats (D)
521 creatures vanquished.

Vanquished Creatures (others)
  A deep elf sorcerer (D)
  An ironbound convoker (D)
  2 bloated husks (D)
  2 ball lightnings (D)
6 creatures vanquished.

Grand Total: 527 creatures vanquished

Notes
Turn   | Place    | Note
-------+----------+-------------------------------------------
     0 | D        | rocky1 the Minotaur Fighter began the quest for the Orb.
     0 | D        | Reached XP level 1. HP: 19/19 MP: 0/0
    21 | D        | Banished a spatial maelstrom
    27 | D        | Noticed a phantom
    27 | D        | Noticed a centaur
    27 | D        | Noticed an ogre
    27 | D        | Noticed a scorpion
    29 | D        | Killed a phantom
    30 | D        | Reached XP level 2. HP: 31/31 MP: 1/1
    30 | D        | Reached XP level 3. HP: 38/38 MP: 2/2
    30 | D        | Reached XP level 4. HP: 45/45 MP: 3/3
    34 | D        | Killed a centaur
    35 | D        | Reached skill level 1 in Dodging
    35 | D        | Reached XP level 5. HP: 52/52 MP: 4/4
    36 | D        | Killed an ogre
    40 | D        | Reached XP level 6. HP: 63/63 MP: 5/5
    94 | D        | Found a snail-covered altar of Cheibriados.
    94 | D        | Found a shadowy altar of Dithmenos.
    94 | D        | Found a white marble altar of Elyvilon.
    94 | D        | Found a blossoming altar of Fedhas.
    94 | D        | Found an opulent altar of Gozag.
    95 | D        | Found a hazy altar of Hepliaklqana.
    96 | D        | Found a viscous altar of Jiyva.
    97 | D        | Found an ancient bone altar of Kikubaaqudgha.
    98 | D        | Found a corrupted altar of Lugonu.
    99 | D        | Found a burning altar of Makhleb.
   100 | D        | Found a sparkling altar of Nemelex Xobeh.
   101 | D        | Found an iron altar of Okawaru.
   102 | D        | Became a worshipper of Gozag Ym Sagoz the Greedy
   103 | D        | Found a stormy altar of Qazlal.
   104 | D        | Found a sacrificial altar of Ru.
   105 | D        | Found a shimmering blue altar of Sif Muna.
   106 | D        | Found a bloodstained altar of Trog.
   107 | D        | Found a hide-covered altar of Uskayaw.
   108 | D        | Found a radiant altar of Vehumet.
   109 | D        | Found an ornate altar of the Wu Jian Council.
   110 | D        | Found a shimmering altar of Xom.
   111 | D        | Found a basalt altar of Yredelemnul.
   112 | D        | Found a glowing silver altar of Zin.
   113 | D        | Found a glowing golden altar of the Shining One.
   121 | D        | Found the +8 whip "Snakebite" {venom, curare, rPois}
   164 | D        | Noticed a wraith
   164 | D        | Noticed a vampire mosquito
   164 | D        | Noticed a yak
   164 | D        | Noticed a troll
   164 | D        | Noticed a yak
   171 | D        | Killed a wraith
   173 | D        | Killed a vampire mosquito
   174 | D        | Reached skill level 10 in Fighting
   174 | D        | Reached skill level 10 in Maces & Flails
   174 | D        | Reached XP level 7. HP: 47/72 MP: 6/6
   177 | D        | Killed a yak
   178 | D        | Reached skill level 5 in Dodging
   178 | D        | Reached skill level 10 in Shields
   180 | D        | Killed a troll
   186 | D        | Killed a yak
   187 | D        | Reached XP level 8. HP: 41/82 MP: 7/7
   417 | D        | Noticed an efreet
   417 | D        | Noticed a troll
   417 | D        | Noticed a purple ugly thing
   417 | D        | Noticed a skeletal warrior
   417 | D        | Noticed a centaur warrior
   417 | D        | Noticed a centaur warrior
   424 | D        | Killed an efreet
   430 | D        | Killed a troll
   431 | D        | Reached skill level 10 in Armour
   435 | D        | Killed a purple ugly thing
   436 | D        | Reached XP level 9. HP: 59/90 MP: 8/8
   461 | D        | Killed a skeletal warrior
   469 | D        | Killed a centaur warrior
   475 | D        | Killed a centaur warrior
   476 | D        | Reached skill level 10 in Dodging
   745 | D        | Noticed a komodo dragon
   747 | D        | Noticed a cane toad
   753 | D        | Reached XP level 10. HP: 100/103 MP: 9/9
   765 | D        | Killed a cane toad
   882 | D        | Noticed a cane toad
   882 | D        | Noticed a six-headed hydra
   882 | D        | Noticed a boulder beetle
   889 | D        | Killed a cane toad
   933 | D        | Bought a potion of mutation for 112 gold pieces
   933 | D        | Bought a potion of mutation for 112 gold pieces
   933 | D        | Bought a potion of flight for 42 gold pieces
   933 | D        | Bought a potion of curing for 42 gold pieces
   933 | D        | Bought a potion of cancellation for 112 gold pieces
   933 | D        | Bought a potion of cancellation for 112 gold pieces
   935 | D        | Noticed an elephant
   942 | D        | Killed a boulder beetle
   943 | D        | Reached skill level 15 in Fighting
   943 | D        | Reached skill level 15 in Shields
   955 | D        | Killed a six-headed hydra
   965 | D        | Killed an elephant
  1129 | D        | Reached XP level 11. HP: 114/114 MP: 10/10
  1325 | D        | Reached skill level 15 in Armour
  1488 | D        | Found Vyokawk's Antique Armour Emporium.
  1488 | D        | Noticed a two-headed ogre
  1488 | D        | Noticed a two-headed ogre
  1488 | D        | Noticed a two-headed ogre
  1488 | D        | Noticed a two-headed ogre
  1488 | D        | Noticed a two-headed ogre
  1492 | D        | Killed a two-headed ogre
  1493 | D        | Noticed a two-headed ogre
  1497 | D        | Killed a two-headed ogre
  1503 | D        | Killed a two-headed ogre
  1504 | D        | Reached skill level 15 in Maces & Flails
  1507 | D        | Killed a two-headed ogre
  1508 | D        | Found Cibbenk's Magic Scroll Shoppe.
  1512 | D        | Killed a two-headed ogre
  1513 | D        | Found Mecvel's Book Emporium.
  1521 | D        | Killed a two-headed ogre
  1529 | D        | Found Joish's Armour Shoppe.
  1532 | D        | Noticed an ogre mage
  1532 | D        | Noticed a two-headed ogre
  1533 | D        | Noticed a two-headed ogre
  1549 | D        | Killed an ogre mage
  1555 | D        | Killed a two-headed ogre
  1563 | D        | Killed a two-headed ogre
  1564 | D        | Reached XP level 12. HP: 99/126 MP: 11/11
  1609 | D        | Bought a shiny plate armour for 754 gold pieces
  1621 | D        | Bought 2 scrolls of vulnerability for 112 gold pieces
  1621 | D        | Bought a scroll of immolation for 56 gold pieces
  1621 | D        | Bought a scroll of fear for 56 gold pieces
  1623 | D        | Bought a book of Blood for 392 gold pieces
  1625 | D        | Bought a scarf of invisibility for 168 gold pieces
  1644 | D        | Learned a level 2 spell: Wereblood
  1662 | D        | Noticed Urug
  1673 | D        | Killed Urug
  1773 | D        | Noticed Joseph
  1779 | D        | Noticed Gastronok
  1785 | D        | Killed Joseph
  1786 | D        | Reached skill level 1 in Transmutations
  1786 | D        | Reached skill level 1 in Evocations
  1799 | D        | Killed Gastronok
  1800 | D        | Reached skill level 1 in Spellcasting
  1863 | D        | Found the +8 lance "Wyrmbane" {slay drac, rPois rF+ rC+
                  | AC+3}
  1885 | D        | Got the +0 pair of boots "Fituar" {Str+8}
  1923 | D        | Bought a tin of tremorstones (2/2) for 560 gold pieces
  1923 | D        | Bought a +2 chain mail of fire resistance for 301 gold
                  | pieces
  1923 | D        | Bought a potion of invisibility for 112 gold pieces
  1923 | D        | Bought a +2 pair of gloves of stealth for 301 gold pieces
  1923 | D        | Bought a scroll of fog for 56 gold pieces
  1945 | D        | Bought the ring "Oleren" {rN+ Slay+2} for 531 gold pieces
  1945 | D        | Bought the ring of Ereeti {rF++ Will+} for 742 gold pieces
  1945 | D        | Bought an amulet of reflection for 450 gold pieces
  2077 | D        | Noticed a tengu warrior
  2077 | D        | Noticed a seven-headed hydra
  2077 | D        | Noticed a catoblepas
  2093 | D        | Killed a tengu warrior
  2094 | D        | Reached skill level 1 in Polearms
  2265 | D        | Killed a seven-headed hydra
  2270 | D        | Noticed an ice dragon
  2272 | D        | Noticed a spriggan air mage
  2278 | D        | Killed a catoblepas
  2279 | D        | Reached skill level 15 in Dodging
  2286 | D        | Noticed a stone giant
  2293 | D        | Noticed an ice dragon
  2305 | D        | Noticed a stone giant
  2311 | D        | Killed an ice dragon
  2312 | D        | Noticed a fire dragon
  2318 | D        | Noticed a deep troll shaman
  2322 | D        | Killed a spriggan air mage
  2330 | D        | Killed a stone giant
  2344 | D        | Killed an ice dragon
  2350 | D        | Killed a stone giant
  2357 | D        | Killed a fire dragon
  2358 | D        | Reached skill level 5 in Polearms
  2360 | D        | Killed a deep troll shaman
  2493 | D        | Noticed Maurice
  2501 | D        | Killed Maurice
  2529 | D        | Noticed Rupert
  2544 | D        | Killed Rupert
  2545 | D        | Reached skill level 5 in Evocations
  2545 | D        | Reached XP level 13. HP: 97/136 MP: 17/17
  2646 | D        | Noticed Frances
  2661 | D        | Killed Frances
  2910 | D        | Noticed an eleionoma
  2915 | D        | Noticed an eleionoma
  2935 | D        | Killed an eleionoma
  2936 | D        | Reached skill level 5 in Transmutations
  2954 | D        | Killed an eleionoma
  3205 | D        | Noticed a spark wasp
  3240 | D        | Killed a ghost moth
  3246 | D        | Killed a spark wasp
  3260 | D        | Killed a ghost moth
  3415 | D        | Bought a spiked scale mail for 198 gold pieces
  3415 | D        | Identified the +0 scale mail of Tainal {rPois rN++ Dex-5
                  | Stlth+} (You bought it in a shop in the Dungeon)
  3419 | D        | Bought a glowing plate armour for 572 gold pieces
  3450 | D        | Reached skill level 5 in Spellcasting
  3795 | D        | Bought the +5 demon whip "Spellbinder" {antimagic, Will+}
                  | for 2312 gold pieces
  3795 | D        | Found the +5 demon whip "Spellbinder" {antimagic, Will+}
  3838 | D        | Noticed Azrael
  3864 | D        | Killed Azrael
  4062 | D        | Noticed a spriggan defender
  4062 | D        | Noticed an ettin
  4068 | D        | Noticed a frost giant
  4073 | D        | Noticed a frost giant
  4085 | D        | Killed a spriggan defender
  4086 | D        | Noticed a vampire knight
  4089 | D        | Noticed a frost giant
  4092 | D        | Killed an ettin
  4101 | D        | Reached XP level 14. HP: 126/148 MP: 20/22
  4107 | D        | Reached skill level 10 in Polearms
  4117 | D        | Killed a frost giant
  4126 | D        | Killed a frost giant
  4126 | D        | Noticed a frost giant
  4133 | D        | Killed a frost giant
  4141 | D        | Killed a vampire knight
  4145 | D        | Killed a frost giant
  4146 | D        | Noticed a frost giant
  4514 | D        | Killed a frost giant
  4701 | D        | Noticed a vault warden
  4703 | D        | Noticed a vault warden
  4706 | D        | Noticed a vault warden
  4719 | D        | Killed a vault warden
  4739 | D        | Killed a vault warden
  4750 | D        | Killed a vault warden
  4751 | D        | Noticed a vault warden
  4764 | D        | Noticed an ironbound thunderhulk
  4765 | D        | Noticed an orc warlord
  4770 | D        | Noticed a vault warden
  4771 | D        | Noticed a vault warden
  4776 | D        | Killed a vault warden
  5021 | D        | Bought a scroll of silence for 133 gold pieces
  5021 | D        | Bought a scroll of immolation for 56 gold pieces
  5021 | D        | Bought a scroll of enchant armour for 105 gold pieces
  5021 | D        | Bought a scroll of immolation for 56 gold pieces
  5118 | D        | Killed an ironbound thunderhulk
  5158 | D        | Killed an orc warlord
  5175 | D        | Killed a vault warden
  5266 | D        | Killed a vault warden
  5306 | D        | Noticed an ironbound thunderhulk
  5315 | D        | Killed an ironbound thunderhulk
  5363 | D        | Noticed Nikola
  5375 | D        | Noticed Margery
  5381 | D        | Killed Nikola
  5397 | D        | Killed Margery
  5431 | D        | Reached XP level 15. HP: 152/162 MP: 8/24
  5656 | D        | Found the +3 pair of seven-league boots {Rampage+∞}
  5715 | D        | Bought the ring of Axkuecza {rPois rF+ Slay+3 Stlth+} for
                  | 790 gold pieces
  5745 | D        | Noticed Jory
  5761 | D        | Killed Jory
  5972 | D        | Noticed Nessos
  5976 | D        | Killed Nessos
  6077 | D        | Noticed Nergalle
  6083 | D        | Killed Nergalle
  6086 | D        | Noticed Mennas
  6104 | D        | Killed Mennas
  6167 | D        | Reached skill level 1 in Long Blades
  6214 | D        | Reached skill level 5 in Long Blades
  6224 | D        | Got a decaying rune of Zot
  6283 | D        | Noticed an emperor scorpion
  6283 | D        | Noticed an emperor scorpion
  6283 | D        | Noticed an emperor scorpion
  6299 | D        | Killed an emperor scorpion
  6307 | D        | Noticed an emperor scorpion
  6320 | D        | Killed an emperor scorpion
  6330 | D        | Killed an emperor scorpion
  6368 | D        | Killed an emperor scorpion
  6394 | D        | Got a gossamer rune of Zot
  6544 | D        | Noticed Ilsuiw
  6609 | D        | Killed Ilsuiw
  6631 | D        | Reached skill level 10 in Long Blades
  6644 | D        | Got a barnacled rune of Zot
  6920 | D        | Bought a scroll of blinking for 105 gold pieces
  6920 | D        | Bought a scroll of poison for 56 gold pieces
  6935 | D        | Noticed a nagaraja
  6935 | D        | Noticed a nagaraja
  6939 | D        | Noticed a nagaraja
  6952 | D        | Noticed a nagaraja
  6964 | D        | Killed a nagaraja
  6968 | D        | Killed a nagaraja
  6970 | D        | Noticed a nagaraja
  6975 | D        | Killed a nagaraja
  6980 | D        | Killed a nagaraja
  6986 | D        | Killed a nagaraja
  6993 | D        | Noticed a nagaraja
  7008 | D        | Killed a nagaraja
  7018 | D        | Got a serpentine rune of Zot
  7206 | D        | Noticed Sojobo
  7206 | D        | Noticed a tengu reaver
  7208 | D        | Noticed a tengu reaver
  7225 | D        | Killed Sojobo
  7226 | D        | Reached XP level 16. HP: 159/180 MP: 8/25
  7237 | D        | Killed a tengu reaver
  7250 | D        | Killed a tengu reaver
  7605 | D        | Reached skill level 15 in Long Blades
  7672 | D        | Noticed a lich
  7678 | D        | Reached skill level 27 in Fighting
  7682 | D        | Reached skill level 27 in Shields
  7694 | D        | Killed a lich
  7701 | D        | Noticed a Tzitzimitl
  7706 | D        | Noticed a shadow dragon
  7728 | D        | Noticed a shadow dragon
  7740 | D        | Killed a shadow dragon
  7944 | D        | Killed a shadow dragon
  8001 | D        | Bought a glowing morningstar for 238 gold pieces
  8001 | D        | Bought a runed morningstar for 238 gold pieces
  8026 | D        | Noticed a shadow dragon
  8026 | D        | Noticed a quicksilver dragon
  8026 | D        | Noticed a shadow dragon
  8049 | D        | Killed a shadow dragon
  8051 | D        | Killed a quicksilver dragon
  8058 | D        | Killed a shadow dragon
  8064 | D        | Noticed a shadow dragon
  8065 | D        | Noticed a shadow dragon
  8069 | D        | Killed a shadow dragon
  8076 | D        | Killed a shadow dragon
  8098 | D        | Got a silver rune of Zot
  8306 | D        | Got the ring of Wuklexib {rPois rF++ rN+}
  8308 | D        | Got the ring "Olicro" {rF+ rN++}
  8310 | D        | Got the ring of the Lachrymose God {EV+3 Str+4 Int+4 SInv}
  8312 | D        | Got the amulet "Plog" {Reflect rF+ SH+5}
  8314 | D        | Got the ring "Qurynwow" {Will+++ rCorr EV+4 Dex-2 Slay-6}
  8329 | D        | Found the +8 Wrath of Trog {antimagic, *Rage Rampage}
  8405 | D        | Bought the ring of the Empire {rElec rN++ Str+6 Int+3} for
                  | 734 gold pieces
  8503 | D        | Reached skill level 15 in Polearms
  8517 | D        | Reached skill level 27 in Armour
  8545 | D        | Reached XP level 17. HP: 156/191 MP: 26/26
  8634 | D        | Noticed a bone dragon
  8656 | D        | Killed a bone dragon
  8824 | D        | Noticed a tentacled monstrosity
  8838 | D        | Killed a tentacled monstrosity
  8993 | D        | Bought a potion of heal wounds for 80 gold pieces
  8993 | D        | Bought 2 potions of curing for 96 gold pieces
  8993 | D        | Bought a potion of curing for 48 gold pieces
  8993 | D        | Bought a potion of heal wounds for 80 gold pieces
  8993 | D        | Bought a potion of might for 64 gold pieces
  8993 | D        | Bought a potion of haste for 160 gold pieces
  8993 | D        | Bought a potion of curing for 48 gold pieces
  8993 | D        | Bought a potion of curing for 48 gold pieces
  8993 | D        | Bought a potion of mutation for 128 gold pieces
  9095 | D        | Noticed a tentacled monstrosity
  9095 | D        | Noticed a tentacled monstrosity
  9095 | D        | Noticed a tentacled monstrosity
  9101 | D        | Killed a tentacled monstrosity
  9106 | D        | Killed a tentacled monstrosity
  9112 | D        | Killed a tentacled monstrosity
  9147 | D        | Reached skill level 27 in Dodging
  9436 | D        | Noticed a tentacled monstrosity
  9436 | D        | Noticed a curse toe
  9437 | D        | Noticed a tentacled monstrosity
  9442 | D        | Killed a tentacled monstrosity
  9463 | D        | Killed a tentacled monstrosity
  9464 | D        | Reached skill level 27 in Maces & Flails
  9488 | D        | Killed a curse toe
  9878 | D        | Noticed an Orb Guardian
  9878 | D        | Noticed an Orb Guardian
  9878 | D        | Noticed an Orb Guardian
  9878 | D        | Noticed an Orb Guardian
  9878 | D        | Noticed an Orb Guardian
  9878 | D        | Noticed an Orb Guardian
  9880 | D        | Killed an Orb Guardian
  9882 | D        | Noticed an Orb Guardian
  9885 | D        | Killed an Orb Guardian
  9891 | D        | Killed an Orb Guardian
  9897 | D        | Killed an Orb Guardian
  9900 | D        | Killed an Orb Guardian
  9906 | D        | Killed an Orb Guardian
  9912 | D        | Killed an Orb Guardian
  9913 | D        | Reached skill level 27 in Polearms
  9913 | D        | Reached skill level 1 in Stealth
  9913 | D        | Noticed an Orb Guardian
  9914 | D        | Noticed an Orb Guardian
  9915 | D        | Noticed an Orb Guardian
  9920 | D        | Killed an Orb Guardian
  9928 | D        | Killed an Orb Guardian
  9935 | D        | Killed an Orb Guardian
  9949 | D        | Bought a potion of heal wounds for 60 gold pieces
  9949 | D        | Bought a potion of curing for 36 gold pieces
  9949 | D        | Bought a potion of might for 48 gold pieces
 10008 | D        | Bought the amulet "Osus" {Spirit rElec rC+ Int+4} for 1009
                  | gold pieces
 10011 | D        | Noticed a curse toe
 10011 | D        | Noticed an Orb Guardian
 10011 | D        | Noticed an Orb Guardian
 10011 | D        | Noticed a quicksilver dragon
 10016 | D        | Noticed an Orb Guardian
 10017 | D        | Noticed an Orb Guardian
 10022 | D        | Killed a curse toe
 10023 | D        | Reached skill level 10 in Evocations
 10023 | D        | Reached XP level 18. HP: 72/200 MP: 28/28
 10029 | D        | Killed an Orb Guardian
 10033 | D        | Killed an Orb Guardian
 10034 | D        | Reached skill level 5 in Stealth
 10043 | D        | Killed an Orb Guardian
 10045 | D        | Killed an Orb Guardian
 10386 | D        | Noticed an ancient lich
 10395 | D        | Killed an ancient lich
 10396 | D        | Reached skill level 10 in Transmutations
 10499 | D        | Noticed an orb of fire
 10499 | D        | Gained mutation: You are dopey. (Int -2) [an orb of fire]
 10502 | D        | Gained mutation: Armour fits poorly on your strangely
                  | shaped body. [an orb of fire]
 10506 | D        | Killed an orb of fire
 10530 | D        | Lost mutation: You are dopey. (Int -2) [potion of mutation]
 10530 | D        | Lost mutation: Armour fits poorly on your strangely shaped
                  | body. [potion of mutation]
 10530 | D        | Gained mutation: Your muscles are strong. (Str +4, Int/Dex
                  | -1) [potion of mutation]
 10530 | D        | Gained mutation: You have a somewhat thin skeletal
                  | structure. (Dex +2, Stealth+) [potion of mutation]
 10578 | D        | Noticed an electric golem
 10588 | D        | Killed an electric golem
 10642 | D        | Noticed an ancient lich
 10642 | D        | Noticed a Killer Klown
 10642 | D        | Noticed an ancient lich
 10642 | D        | Noticed an electric golem
 10642 | D        | Noticed a golden dragon
 10645 | D        | Noticed an orb of fire
 10649 | D        | Killed an ancient lich
 10653 | D        | Killed an ancient lich
 10656 | D        | Noticed an electric golem
 10660 | D        | Noticed a tentacled monstrosity
 10662 | D        | Killed an orb of fire
 10663 | D        | Reached skill level 10 in Spellcasting
 10668 | D        | Killed a Killer Klown
 10669 | D        | Reached skill level 10 in Stealth
 10671 | D        | Killed a golden dragon
 10676 | D        | Killed an electric golem
 10678 | D        | Noticed a Killer Klown
 10688 | D        | Noticed an orb of fire
 10693 | D        | Killed a tentacled monstrosity
 10705 | D        | Gained mutation: You are clumsy. (Dex -2) [an orb of fire]
 10714 | D        | Killed an orb of fire
 10730 | D        | Killed an electric golem
 10734 | D        | Noticed an orb of fire
 10736 | D        | Killed a Killer Klown
 10746 | D        | Gained mutation: You occasionally lose the ability to read
                  | scrolls when taking damage. [an orb of fire]
 10749 | D        | Killed an orb of fire
 10750 | D        | Reached skill level 15 in Evocations
 11058 | D        | Noticed a golden dragon
 11065 | D        | Killed a golden dragon
 11500 | D        | Bought a potion of mutation for 112 gold pieces
 11912 | D        | Bought a potion of curing for 78 gold pieces
 11912 | D        | Bought a scroll of enchant armour for 195 gold pieces
 11912 | D        | Bought a lightning rod (4/4) for 780 gold pieces
 11912 | D        | Bought a condenser vane for 1040 gold pieces
 11932 | D        | Noticed an Orb Guardian
 11932 | D        | Noticed an Orb Guardian
 11932 | D        | Noticed an Orb Guardian
 11932 | D        | Noticed an Orb Guardian
 11932 | D        | Noticed an Orb Guardian
 11932 | D        | Noticed an Orb Guardian
 11936 | D        | Killed an Orb Guardian
 11937 | D        | Reached skill level 1 in Throwing
 11938 | D        | Killed an Orb Guardian
 11941 | D        | Killed an Orb Guardian
 11944 | D        | Killed an Orb Guardian
 11947 | D        | Killed an Orb Guardian
 11948 | D        | Noticed an Orb Guardian
 11950 | D        | Killed an Orb Guardian
 11950 | D        | Noticed an Orb Guardian
 11952 | D        | Noticed an Orb Guardian
 11954 | D        | Noticed an Orb Guardian
 11956 | D        | Killed an Orb Guardian
 11957 | D        | Reached skill level 5 in Throwing
 11959 | D        | Killed an Orb Guardian
 11959 | D        | Noticed an Orb Guardian
 11965 | D        | Killed an Orb Guardian
 11966 | D        | Reached skill level 15 in Transmutations
 11966 | D        | Noticed an Orb Guardian
 11968 | D        | Killed an Orb Guardian
 11972 | D        | Killed an Orb Guardian
 11983 | D        | Killed an Orb Guardian
 12094 | D        | Noticed a lich
 12101 | D        | Killed a lich
 12116 | D        | Noticed a lich
 12120 | D        | Noticed a lich
 12131 | D        | Reached XP level 19. HP: 91/207 MP: 17/35
 12135 | D        | Reached skill level 15 in Stealth
 12535 | D        | Reached skill level 10 in Throwing
 12615 | D        | Got an elven rune of Zot
 13205 | D        | Noticed the Royal Jelly
 13226 | D        | Killed the Royal Jelly
 13227 | D        | Reached skill level 15 in Spellcasting
 13284 | D        | Got a slimy rune of Zot
 13470 | D        | Reached skill level 15 in Throwing
 13476 | D        | Paralysed by a sphinx for 3 turns
 14218 | D        | Noticed a royal mummy
 14218 | D        | Noticed a royal mummy
 14223 | D        | Killed a royal mummy
 14238 | D        | Killed a royal mummy
 14254 | D        | Got a golden rune of Zot
 14463 | D        | Noticed a bone dragon
 14475 | D        | Killed a bone dragon
 14499 | D        | Reached XP level 20. HP: 216/216 MP: 39/39
 14507 | D        | Got an abyssal rune of Zot
 14871 | D        | Noticed Geryon
 14878 | D        | Killed Geryon
 14886 | D        | Noticed Antaeus
 14886 | D        | Found the +7 sceptre of Asmodeus
 14886 | D        | Noticed Asmodeus
 14887 | D        | Noticed Gloorx Vloq
 14980 | D        | Killed Asmodeus
 15223 | D        | Killed Gloorx Vloq
 15437 | D        | Killed Antaeus
 15663 | D        | Got an icy rune of Zot
 15665 | D        | Noticed Lom Lobon
 15668 | D        | Noticed Mnoleg
 15778 | D        | Found the +4 staff of Dispater
 15778 | D        | Noticed Dispater
 15791 | D        | Killed Lom Lobon
 15801 | D        | Paralysed by a floating eye for 4 turns
 15812 | D        | Paralysed by a floating eye for 3 turns
 15837 | D        | Paralysed by a floating eye for 3 turns
 15843 | D        | HP: 10/216 [constriction[Mnoleg] (5)]
 15843 | D        | Paralysed by a floating eye for 3 turns
 15844 | D        | HP: 4/216 [tentacled monstrosity[Mnoleg] (7)]
 15844 | D        | Slain by a tentacled monstrosity

Illustrated notes

Levels and vault maps discovered:
D:        linesprint [early_d, line_temple, items_1, d_10, items_2, lair_1,
          lair_end, items_3, orc_1, orc_end, items_4, d_15, swamp_1, shoals_1,
          snake_1, spider_1, d_20, vaults_1, items_5, swamp_end, shoals_end,
          snake_end, spider_end, vaults_end, d_27, items_6, zot_1, zot_end,
          crypt_end, forest_end, elf_end, slime_end, tomb_end, abyss_end,
          pan_hell_end]

Skill      XL: |  1  2  3  4  5  6  7  8  9 10 11 12 13 14 15 16 17 18 19 20 |
---------------+-------------------------------------------------------------+-----
Fighting       | 6 7 9 10 11 12 14 15 17 18 20 22 25 27 | 27.0
Armour         | 6 7 9 10 12 14 16 17 19 23 27 | 27.0
Shields        | 6 7 8 9 10 12 14 15 17 18 19 22 25 27 | 27.0
Maces & Flails | 4 6 9 10 11 12 13 16 17 18 21 22 27 | 27.0
Dodging        | 1 2 4 6 8 10 12 14 15 17 20 24 27 | 27.0
Transmutations | 4 7 9 15 19 20 | 20.7
Evocations     | 5 7 8 10 17 21 22 | 22.4
Spellcasting   | 3 6 7 13 16 17 | 17.8
Polearms       | 5 9 14 15 27 | 27.0
Long Blades    | 12 18 | 18.9
Stealth        | 4 14 19 21 | 21.0
Throwing       | 8 17 18 | 18.8

Action                   |  1- 3 |  4- 6 |  7- 9 | 10-12 | 13-15 | 16-18 | 19-21 || total
-------------------------+-------+-------+-------+-------+-------+-------+-------++-------
Melee: Flail             |    10 |    12 |       |       |       |       |       ||    22
       Headbutt          |     1 |     6 |    17 |   100 |   193 |   235 |   110 ||   662
       Whip              |       |     7 |    69 |   381 |   509 |   148 |       ||  1114
       Lance             |       |       |       |       |    96 |   408 |       ||   504
       Demon whip        |       |       |       |       |   231 |    68 |    83 ||   382
       Eveningstar       |       |       |       |       |       |    93 |   114 ||   207
       Morningstar       |       |       |       |       |       |    83 |   209 ||   292
Throw: Javelin           |       |       |       |       |       |     7 |     3 ||    10
 Cast: Wereblood         |       |       |       |       |     4 |       |     2 ||     6
Invok: Call Merchant     |       |       |       |     3 |     5 |     7 |     2 ||    17
       Potion Petition   |       |       |       |     1 |     4 |     1 |     7 ||    13
  Use: Potion            |     1 |     2 |     2 |       |    12 |     4 |    10 ||    31
       Scroll            |       |       |       |       |    13 |     6 |     3 ||    22
 Stab: Invisible         |       |       |     1 |       |     3 |       |       ||     4
       Distracted        |       |       |     1 |     8 |     6 |    14 |     6 ||    35
       Sleeping          |       |       |       |       |       |     2 |     4 ||     6
Armor: Scale mail        |     3 |       |       |       |       |       |       ||     3
       Ring mail         |       |     1 |    10 |    20 |       |       |       ||    31
       Plate armour      |       |       |       |    59 |    96 |       |       ||   155
       Chain mail        |       |       |       |       |    61 |   112 |    76 ||   249
Dodge: Dodged            |     2 |    10 |    17 |    87 |   133 |   112 |    69 ||   430
Block: Buckler           |     2 |     5 |    10 |    66 |   173 |       |       ||   256
       Tower shield      |       |       |       |    23 |   264 |   369 |   196 ||   852
       Reflection        |       |       |       |       |    14 |     3 |       ||    17

Table legend: (Time is in decaauts) A = Elapsed time spent in this place. B = Non-inter-level travel time spent in this place. C = Inter-level travel time spent in this place. D = Time resting spent in this place. E = Time spent auto-exploring this place. F = Levels seen in this place. G = Mean time per level. A B C D E F G +--------+--------+--------+--------+--------+-----+--------+ Total | 14636 | 13614 | 1022 | 7585 | 0 | 1 | 14636.0 | Dungeon | 14636 | 13614 | 1022 | 7585 | 0 | 1 | 14636.0 | +--------+--------+--------+--------+--------+-----+--------+

Top non-repeatable levels by time:
       D: 14636 daAuts
